 Dungeon Crawl Stone Soup version 0.20-a0-631-g6870b83 (webtiles) character file.

16623 Giannetos the Thaumaturge (level 12, -13/67 HPs)
             Began as a Gargoyle Earth Elementalist on Feb 11, 2017.
             Was an Elder of Vehumet.
             Splashed by an acid dragon's acid (15 damage)
             ... on level 12 of the Dungeon.
             The game lasted 00:51:30 (14848 turns).

Giannetos the Thaumaturge (GrEE)                   Turns: 14848, Time: 00:51:33

Health: -13/67     AC: 10    Str: 18    XL:     12   Next: 39%
Magic:  20/45      EV: 18    Int: 19    God:    Vehumet [****..]
Gold:   944        SH:  0    Dex: 13    Spells: 19/33 levels left

rFire    . . .     SeeInvis .   H - +8 trident "Jywy" {pierce, MP+9 Str+4}
rCold    . . .     Gourm    .   c - +1 robe
rNeg     + . .     Faith    .   (no shield)
rPois    ∞         Spirit   .   (no helmet)
rElec    +         Reflect  .   p - +2 cloak
rCorr    .         Harm     .   u - +2 pair of gloves {Dex+3}
MR       .....                  (no boots)
Stlth    ++........             (no amulet)
Regen    0.3/turn               s - +4 ring of evasion
                                h - ring of magical power

@: about to teleport, corroded, very slightly contaminated
A: negative energy resistance 1, electricity resistance, unbreathing,
petrification resistance, rot immunity, AC +8
a: Renounce Religion


You were on level 12 of the Dungeon.
You worshipped Vehumet.
Vehumet was greatly pleased with you.
You were not hungry.

You visited 2 branches of the dungeon, and saw 13 of its levels.

You collected 944 gold pieces.

Inventory:

Hand Weapons
 m - a +3 falchion of freezing
 D - a +0 falchion of holy wrath
 H - the +8 trident "Jywy" (weapon) {pierce, MP+9 Str+4}
   (You took it off a crimson imp on level 8 of the Dungeon)

   It inflicts extra damage upon your enemies.
   It affects your strength (+4).
   It affects your magic capacity (+9).
 I - a +0 falchion
Missiles
 b - 287 stones (quivered)
Armour
 c - a +1 robe (worn)
 p - a +2 cloak (worn)
 u - a +2 pair of gloves of dexterity (worn)
 J - the scarf of the Elephant {Int+3}
   (You acquired it on level 11 of the Dungeon)

   It affects your intelligence (+3).
Jewellery
 h - a ring of magical power (left hand)
 s - a +4 ring of evasion (right hand)
Wands
 g - a wand of acid (2/15)
 t - a wand of enslavement (10/24)
 z - a wand of random effects (18/48)
 A - a wand of disintegration (19/24)
 G - a wand of random effects (26/48)
 K - a wand of flame (34/48)
Scrolls
 j - 4 scrolls of recharging
 k - 3 scrolls of blinking
 l - a scroll of remove curse
 n - a scroll of enchant weapon
 B - a scroll of fog
 C - a scroll of identify
Potions
 f - 2 potions of mutation
 i - a potion of curing
 o - a potion of brilliance
 q - a potion of resistance
 r - a potion of flight
 w - 4 potions of magic
 E - a potion of cancellation
 F - a potion of might
Books
 e - a book of Minor Magic

   Spells                             Type                      Level
   a - Magic Dart                     Conjuration                  1
   b - Blink                          Translocation                2
   c - Call Imp                       Summoning                    2
   d - Slow                           Hexes                        2
   e - Conjure Flame                  Conjuration/Fire             3
   f - Mephitic Cloud                 Conjuration/Poison/Air       3
 L - a book of Debilitation

   Spells                             Type                      Level
   a - Corona                         Hexes                        1
   b - Slow                           Hexes                        2
   c - Gell's Gravitas                Hexes/Translocation          3
   d - Inner Flame                    Hexes/Fire                   3
   e - Cause Fear                     Hexes                        4
   f - Leda's Liquefaction            Hexes/Earth                  4
Comestibles
 a - 2 chunks of flesh
 d - 10 bread rations
 v - 12 meat rations


   Skills:
 + Level 4.7 Fighting
 + Level 3.8 Long Blades
 + Level 4.1 Polearms
 + Level 5.0 Armour
 + Level 4.1 Dodging
 - Level 2.1 Stealth
 * Level 11.2 Spellcasting
 + Level 9.4 Conjurations
   Level 0.7 Transmutations
 + Level 10.7 Earth Magic


You had 19 spell levels left.
You knew the following spells:

 Your Spells              Type           Power        Failure   Level  Hunger
a - Sandblast             Erth           ######       1%          1    None
b - Stone Arrow           Conj/Erth      #####.       1%          3    None
c - Lee's Rapid Deconstr  Erth           ######....   1%          5    ####...
d - Bolt of Draining      Conj/Necr      ####......   8%          5    ####...


Dungeon Overview and Level Annotations

Branches:
Dungeon (12/15)            Temple (1/1) D:7            Lair (0/6) D:10
    Orc (0/2) D:9

Altars:
Ashenzari
Cheibriados
Dithmenos
Elyvilon
Fedhas
Gozag
Hepliaklqana
Kikubaaqudgha
Makhleb
Nemelex Xobeh
Okawaru
Qazlal
Ru
Sif Muna
Trog
Uskayaw
Vehumet
Xom
Yredelemnul
Zin
The Shining One
Lugonu


Innate Abilities, Weirdness & Mutations

You are resistant to torment.
Your stone body is resilient. (AC +8)
You are immune to poison.
You resist negative energy. (rN+)
You are resistant to electric shocks. (rElec)
You can survive without breathing.
You are immune to petrification.
You are immune to rotting.


Message History

The centaur warrior hits you but does no damage.
The acid dragon spits acid at you. The splash of acid hits you!
* * * LOW HITPOINT WARNING * * *
The acid corrodes you!
You are splashed with acid!
The acid burns!
* * * LOW HITPOINT WARNING * * *
The killer bee buzzes angrily.
You hear an angry buzzing noise.
You hear a shout!
You feel better.
The centaur warrior completely misses you.
The acid dragon bites you but does no damage.
The acid dragon misses you.
The centaur warrior hits you but does no damage.
You feel better. The centaur warrior hits you.
* * * LOW HITPOINT WARNING * * *
The acid dragon spits acid at you. The splash of acid hits you!
* * * LOW HITPOINT WARNING * * *
The acid corrodes you!
You are splashed with acid!
The acid burns!
You die...

..# # ......# .### ....#
..# ...y.# ...#### ##....
....###c#..#.##.......
##.. #
#....#.#..#.#........ #
..# #...(...#......#
....###.(.y.# #<...#
#....###y#.#...####
###....#D#.#.###
........@c..#.#
###################.#.#
......[..)............#
#####.......##........# #
#...........##....# #
#.................#
#####..............##...#
..#...............##
##... ..#.#.............#
....


You could see a centaur warrior, an acid dragon and 3 killer bees.

Vanquished Creatures
  The ghost of lupus83 the Fiendish, a journeyman TrMo of Makhleb (D:11)
  Snorg (D:11)
  The ghost of Execuda the Fighter, a journeyman GrCK of Xom (D:12)
  2 centaur warriors
  The ghost of dricus the Basher, a journeyman GrGl of Okawaru (D:10)
  3 two-headed ogres
  A wizard (D:12)
  A cyclops (D:12)
  An ugly thing (D:11)
  A gargoyle (D:12)
  3 trolls
  2 slime creatures (D:12)
  The ghost of Oki the Insei, an amateur OpTm (D:3)
  2 hippogriffs
  4 yaks (D:11)
  A hungry ghost (D:12)
  2 water moccasins
  An acid dragon (D:11)
  6 orc warriors
  2 ice beasts
  4 phantoms
  6 black bears
  A necrophage (D:10)
  2 sky beasts
  12 ogres
  An eye of draining (D:8)
  3 centaurs
  A crocodile (D:9)
  A big kobold (D:10)
  7 bullfrogs
  A wyvern zombie (D:8)
  4 scorpions
  7 killer bees
  3 wights (D:10)
  3 howler monkeys
  A bullfrog zombie (D:10)
  5 crimson imps
  A centaur zombie (D:6)
  6 jellies
  4 hounds
  10 orc priests
  A centaur skeleton (D:4)
  5 iguanas
  16 orc wizards
  2 worker ants
  2 hound zombies
  A hound skeleton (D:10)
  2 worker ant zombies (D:8)
  A howler monkey skeleton (D:11)
  11 adders
  A shadow imp (D:10)
  An ooze (D:6)
  2 adder zombies
  2 adder skeletons
  3 worms
  A dart slug (D:1)
  2 leopard geckos (D:9)
  46 orcs
  13 giant cockroaches
  4 goblins
  8 hobgoblins
  6 jackals
  12 kobolds
  6 quokkas
  2 ball pythons
  10 bats
  9 frilled lizards
  A leopard gecko skeleton (D:3)
  4 rats
294 creatures vanquished.

Vanquished Creatures (others)
  A bat (D:2)
1 creature vanquished.

Grand Total: 295 creatures vanquished

Notes
Turn   | Place    | Note
-------+----------+-------------------------------------------
     0 | D:1      | Giannetos the Gargoyle Earth Elementalist began the quest for the Orb.
     0 | D:1      | Reached XP level 1. HP: 10/10 MP: 3/3
   335 | D:1      | Reached XP level 2. HP: 13/15 MP: 5/5
   749 | D:1      | Reached XP level 3. HP: 19/19 MP: 7/7
   751 | D:1      | Reached skill level 3 in Spellcasting
   756 | D:1      | Learned a level 3 spell: Stone Arrow
  1162 | D:2      | Reached skill level 1 in Conjurations
  1455 | D:2      | Found a stormy altar of Qazlal.
  1504 | D:2      | Reached XP level 4. HP: 24/24 MP: 9/9
  1909 | D:2      | Found a burning altar of Makhleb.
  1913 | D:2      | Found a glowing silver altar of Zin.
  1913 | D:2      | Noticed an angel
  1913 | D:2      | Noticed a balrug
  2446 | D:3      | Found a sacrificial altar of Ru.
  2499 | D:3      | Reached XP level 5. HP: 28/28 MP: 10/10
  2530 | D:3      | Learned a level 5 spell: Lee's Rapid Deconstruction
  3032 | D:3      | Reached skill level 4 in Spellcasting
  3174 | D:3      | Found a shadowy altar of Dithmenos.
  3242 | D:3      | Found a sparkling altar of Nemelex Xobeh.
  3316 | D:3      | Noticed Oki's ghost (amateur OpTm)
  3330 | D:3      | Killed Oki's ghost
  3330 | D:3      | Reached skill level 5 in Earth Magic
  3330 | D:3      | Reached XP level 6. HP: 32/32 MP: 2/13
  3676 | D:4      | Reached skill level 5 in Spellcasting
  3836 | D:4      | Reached XP level 7. HP: 22/36 MP: 14/14
  4949 | D:5      | Entered Level 5 of the Dungeon
  4996 | D:5      | Reached skill level 6 in Spellcasting
  4996 | D:5      | Reached XP level 8. HP: 28/41 MP: 0/17
  5148 | D:5      | Found a sparkling altar of Nemelex Xobeh.
  5851 | D:5      | Found a radiant altar of Vehumet.
  5859 | D:5      | Became a worshipper of Vehumet
  6304 | D:6      | Reached skill level 7 in Spellcasting
  6304 | D:6      | Reached skill level 5 in Conjurations
  7269 | D:7      | Reached XP level 9. HP: 43/45 MP: 20/20
  7413 | D:7      | Reached skill level 8 in Spellcasting
  7996 | D:7      | Found a bloodstained altar of Trog.
  8284 | D:7      | Found a staircase to the Ecumenical Temple.
  8298 | Temple   | Entered the Ecumenical Temple
  8546 | D:7      | Reached * piety under Vehumet
  8546 | D:7      | Offered knowledge of Magic Dart by Vehumet.
  8867 | D:8      | Reached skill level 9 in Spellcasting
  9245 | D:8      | Reached XP level 10. HP: 50/50 MP: 10/23
  9609 | D:8      | Found an opulent altar of Gozag.
  9662 | D:8      | Noticed a centaur warrior
  9674 | D:8      | Killed a centaur warrior
  9688 | D:8      | Got a dazzling trident {pierce}
  9689 | D:8      | Identified the +8 trident "Jywy" {pierce, MP+9 Str+4} (You took it off a crimson imp on level 8 of the Dungeon)
 10221 | D:8      | Found a shimmering altar of Xom.
 10431 | D:9      | Reached skill level 1 in Armour
 10431 | D:9      | Reached skill level 10 in Spellcasting
 10478 | D:9      | Reached skill level 1 in Polearms
 10626 | D:9      | Reached ** piety under Vehumet
 10684 | D:9      | Offered knowledge of Flame Tongue by Vehumet.
 10700 | D:9      | Reached skill level 1 in Fighting
 10818 | D:9      | Found a staircase to the Orcish Mines.
 10937 | D:9      | Offered knowledge of Searing Ray by Vehumet.
 10994 | D:9      | Noticed a two-headed ogre
 11001 | D:9      | Killed a two-headed ogre
 11001 | D:9      | Reached skill level 1 in Long Blades
 11001 | D:9      | Reached XP level 11. HP: 57/57 MP: 25/25
 11120 | D:9      | Found a hazy altar of Hepliaklqana.
 11306 | D:10     | Entered Level 10 of the Dungeon
 11404 | D:10     | Reached skill level 10 in Earth Magic
 11624 | D:10     | Reached *** piety under Vehumet
 11664 | D:10     | Noticed dricus's ghost (journeyman GrGl)
 11698 | D:10     | Killed dricus's ghost
 11891 | D:10     | Found a staircase to the Lair.
 12517 | D:11     | Offered knowledge of Airstrike by Vehumet.
 12827 | D:11     | Noticed Snorg
 12847 | D:11     | Killed Snorg
 13114 | D:11     | Noticed lupus83's ghost (journeyman TrMo)
 13163 | D:11     | Killed lupus83's ghost
 13406 | D:11     | Noticed a two-headed ogre
 13411 | D:11     | Killed a two-headed ogre
 13423 | D:11     | Identified a scroll of acquirement
 13426 | D:11     | Got a pitted scarf
 13437 | D:11     | Identified the scarf of the Elephant {Int+3} (You acquired it on level 11 of the Dungeon)
 13520 | D:11     | Noticed a brown ugly thing
 13628 | D:11     | Killed a brown ugly thing
 13892 | D:11     | Noticed a two-headed ogre
 13899 | D:11     | Killed a two-headed ogre
 13905 | D:11     | Reached XP level 12. HP: 66/66 MP: 26/26
 13910 | D:11     | Reached **** piety under Vehumet
 14141 | D:12     | Reached skill level 11 in Spellcasting
 14318 | D:11     | Offered knowledge of Bolt of Draining by Vehumet.
 14325 | D:11     | Learned a level 5 spell: Bolt of Draining
 14347 | D:12     | Noticed a centaur warrior
 14359 | D:12     | Killed a centaur warrior
 14387 | D:12     | Noticed Execuda's ghost (journeyman GrCK)
 14403 | D:12     | Killed Execuda's ghost
 14576 | D:12     | Reached skill level 5 in Armour
 14833 | D:12     | Noticed a centaur warrior
 14846 | D:12     | HP: 3/67 [acid (15)]
 14848 | D:12     | Splashed by an acid dragon's acid

Vault maps used:
D:1:      saegor_arrival_simple_e
D:2:      grunt_temple_overflow_order_and_chaos_2, grunt_qazlal_clouds
D:3:      lemuel_crystal_altar, overflow_temple_1_default, first_bread,
          nemelex_diamond_rough_becter
D:4:      kennysheep_doodads, hangedman_decor_riveting
D:5:      overflow_temple_1_default, nemelex_xobeh_ov_fountains_minmay
D:7:      minmay_temple_entry_enclosed_plants, trog_ov_bears_minmay
D:8:      minmay_goldmine, lemuel_coloured_pillars_altar, grunt_gozag_statues,
          grunt_ogre_cave
D:9:      kennysheep_mini, hiddenorc2_lemuel, moated_statue
D:10:     lair_entry_dummy
D:11:     uniq_snorg
D:12:     minmay_tri_box, minivault_12
Temple:   kb_corrupted_temple

Skill      XL: |  1  2  3  4  5  6  7  8  9 10 11 12 |
---------------+-------------------------------------+-----
Spellcasting   | 3 4 5 6 7 9 10 11 | 11.2
Earth Magic    | 4 5 6 7 9 10 | 10.7
Conjurations   | 1 2 3 4 5 7 8 9 |  9.4
Armour         | 2 4 5 |  5.0
Polearms       | 2 3 4 |  4.1
Dodging        | 2 3 4 |  4.1
Fighting       | 2 4 |  4.7
Long Blades    | 1 3 |  3.8
Stealth        | |  2.1
Transmutations | |  0.7

Action                   |  1- 3 |  4- 6 |  7- 9 | 10-12 || total
-------------------------+-------+-------+-------+-------++-------
Melee: Club              |    31 |       |       |       ||    31
       Short sword       |    22 |    42 |       |       ||    64
       Rapier            |       |    56 |   115 |     2 ||   173
       Trident           |       |       |       |   273 ||   273
 Cast: Sandblast         |    43 |    36 |     7 |     1 ||    87
       Stone Arrow       |       |    22 |   113 |   154 ||   289
       Lee's Rapid Decon |       |       |     4 |    12 ||    16
       Bolt of Draining  |       |       |       |     6 ||     6
Evoke: Wand              |       |       |       |     1 ||     1
  Use: Scroll            |       |     9 |    12 |    14 ||    35
       Potion            |       |       |       |     5 ||     5
 Stab: Sleeping          |     4 |     2 |       |     4 ||    10
       Distracted        |       |       |       |     1 ||     1
  Eat: Chunk             |     2 |    10 |    12 |    16 ||    40
       Fruit             |       |       |     5 |     2 ||     7
       Royal jelly       |       |       |     2 |     2 ||     4
Armor: Robe              |    26 |    48 |    68 |   137 ||   279
Dodge: Dodged            |    55 |    86 |   118 |   248 ||   507
